 Seeded DCSS version 0.30.1-11-g7821555f0a (webtiles) character file.

Game seed: 5 (custom seed)

1503 Kazon the Cudgeller (level 9, -4/66 HPs)
             Began as a Human Fighter on Dec 5, 2023.
             Was a Priest of Okawaru.
             Killed by divine providence
             ... invoked by an orc priest
              (11 damage)
             ... on level 6 of the Dungeon.
             The game lasted 00:15:05 (3444 turns).

Kazon the Cudgeller (Human Fighter)                 Turns: 3444, Time: 00:15:07

Health: -4/66      AC:  8    Str: 20    XL:     9   Next: 8%
Magic:  0/20       EV:  8    Int:  8    God:    Okawaru [***...]
Gold:   256        SH: 15    Dex: 20    Spells: 8/8 levels left

rFire   . . .        v - +0 hand axe (vamp)
rCold   . . .        c - +0 tower shield
rNeg    . . .        b - +0 scale mail
rPois   .            j - +0 helmet
rElec   .            (no cloak)
rCorr   .            (no gloves)
SInv    .            (no boots)
Will    .....        C - amulet of guardian spirit
Stlth   +            q - ring of magical power
HPRegen 0.31/turn    y - +6 ring of dexterity
MPRegen 0.17/turn

%: guardian spirit
@: no status effects
A: no striking features
a: Renounce Religion, Heroism


You were on level 6 of the Dungeon.
You worshipped Okawaru.
Okawaru was most pleased with you.
You visited 2 branches of the dungeon, and saw 7 of its levels.

You collected 256 gold pieces.

Inventory:

Hand Weapons
 a - a +0 flail
 e - a +2 vampiric dagger
 f - a +0 hand axe of flaming
 p - a +1 eveningstar of protection
 v - a +0 vampiric hand axe (weapon)
Missiles
 h - 5 boomerangs
 r - 3 poisoned darts (quivered)
 w - 23 stones
Armour
 b - a +0 scale mail (worn)
 c - a +0 tower shield (worn)
 j - a +0 helmet (worn)
Jewellery
 q - a ring of magical power (left hand)
 y - a +6 ring of dexterity (right hand)
 C - an amulet of guardian spirit (around neck)
Wands
 x - a wand of paralysis (8)
Scrolls
 g - a scroll of fog {unknown}
 k - a scroll of blinking {unknown}
 m - 2 scrolls of identify {unknown}
 n - a scroll of summoning {unknown}
 o - 2 scrolls of magic mapping {unknown}
 t - 2 scrolls of teleportation {unknown}
 z - a scroll of torment {unknown}
 E - a scroll of poison {unknown}
 F - a scroll of amnesia {unknown}
 G - a scroll of enchant armour {unknown}
Potions
 d - a potion of might
 i - 3 potions of curing {unknown}
 l - a potion of berserk rage {unknown}
 s - a potion of invisibility
 u - 4 potions of flight {unknown}
 A - 2 potions of heal wounds {unknown}
 B - a potion of lignification {unknown}
 D - a potion of attraction {unknown}


   Skills:
 + Level 4.3 Fighting
 + Level 5.9 Maces & Flails
 + Level 3.3 Throwing
 + Level 4.3 Armour
 + Level 1.9 Dodging
 + Level 3.3 Stealth
 + Level 4.4 Shields
 * Level 3.6 Invocations
 * Level 2.6 Evocations


You had 8 spell levels left.
You didn't know any spells.
Your spell library contained the following spells:

 Spells                   Type           Power      Damage    Failure   Level
 Frozen Ramparts          Ice            0%         1d1       100%        3
 Ignite Poison            Fire/Tmut/Pois 0%         N/A       100%        3
 Ice Form                 Ice/Tmut       0%         N/A       100%        4
 Sticky Flame             Conj/Fire      0%         2d3       100%        4
 Eringya's Noxious Bog    Tmut/Pois      0%         N/A       100%        6
 Ignition                 Fire           0%         3d3       100%        8
 Summon Ice Beast         Ice/Summ       Unusable   N/A       N/A         4
 Summon Forest            Summ/Tloc      Unusable   N/A       N/A         5
 Summon Hydra             Summ           Unusable   N/A       N/A         7

Dungeon Overview and Level Annotations

Branches:
Dungeon (6/15)             Temple (1/1) D:4

Altars:
Dithmenos
Fedhas
Gozag
Hepliaklqana
Okawaru
Qazlal
Trog
Uskayaw
Wu Jian
Xom
The Shining One


Message History

You hit the orc but do no damage. You block the orc's attack.
You hit the orc but do no damage. You barely miss the orc.
You block the orc's attack. x2; The orc hits you but does no damage.
You block the orc's attack.
You barely miss the orc. You hit the orc.
You feel better. You block the orc's attack. The orc hits you with a +0 whip.
* * * LOW HITPOINT WARNING * * *
You hit the orc but do no damage. You hit the orc.
You feel better.
You kill the orc!
Okawaru accepts your kill. You block the orc's attack.
The orc priest hits you with a +0 club. The orc closely misses you.
You barely miss the orc. You barely miss the orc priest.
The orc barely misses you.
The orc priest mumbles some strange prayers to Beogh against you.
Beogh smites you!
* * * LOW HITPOINT WARNING * * *
You hit the orc but do no damage.
You hit the orc priest but do no damage.
The orc hits you but does no damage. The orc priest hits you with a +0 club.
* * * LOW HITPOINT WARNING * * *
The orc priest mumbles some strange prayers to Beogh against you.
Pain shoots through your body!
* * * LOW HITPOINT WARNING * * *
You block the orc's attack.
You hit the orc.
You feel better.
The orc is severely wounded.
You hit the orc priest but do no damage.
You block the orc priest's attack. The orc barely misses you.
You hit the orc but do no damage.
The orc is severely wounded.
You closely miss the orc priest. You block the orc's attack.
The orc priest barely misses you.
You hit the orc.
You kill the orc!
Okawaru accepts your kill.
You barely miss the orc priest. You block the orc priest's attack.
The orc priest invokes the aid of Beogh against you.
Beogh smites you!
You die...

######## #......#
#....... #......#
##### #.....$#
#.... #....o)####
#.#.. #@#>. #.#.^
#.#.## #####.#.^
#.#..#####.......^
#.....)..'........
###..#####........
#..# #........
#.<# #........
#.## #........ #.#
#........


You could see an orc priest.

Vanquished Creatures
  Sigmund (D:4)
  Duvessa (D:6)
  A water moccasin (D:6)
  2 black bears (D:4)
  An ogre (D:5)
  2 scorpions
  Dowan (D:6)
  A howler monkey (D:5)
  4 hounds
  2 orc priests (D:6)
  A jelly (D:5)
  4 orc wizards (D:6)
  5 iguanas
  4 gnolls (D:5)
  9 adders
  2 ufetubi
  3 worms
  14 orcs
  4 bats
  9 endoplasms
  A giant cockroach (D:1)
  12 goblins
  7 hobgoblins
  11 jackals
  3 kobolds
  3 quokkas (D:4)
  6 ball pythons
  3 frilled lizards
  4 rats
121 creatures vanquished.

Notes
Turn   | Place    | Note
-------+----------+-------------------------------------------
     0 | D:1      | Kazon the Human Fighter began the quest for the Orb.
     0 | D:1      | Reached XP level 1. HP: 18/18 MP: 1/1
    51 | D:1      | Identified a scroll of acquirement
    51 | D:1      | Acquired a +1 eveningstar of protection
    67 | D:1      | Reached XP level 2. HP: 15/24 MP: 2/2
   152 | D:1      | Reached XP level 3. HP: 28/29 MP: 3/3
   907 | D:2      | Reached XP level 4. HP: 35/35 MP: 4/4
  1000 | D:2      | Reached skill level 1 in Throwing
  1000 | D:2      | Reached skill level 1 in Stealth
  1285 | D:2      | Reached XP level 5. HP: 41/41 MP: 5/5
  1512 | D:3      | Found a blossoming altar of Fedhas.
  1665 | D:3      | Identified the +2 sling "Qeuhanocyt" {speed, rElec Str-3
                  | Dex+2}
  1697 | D:3      | Found a stormy altar of Qazlal.
  1842 | D:3      | Found a faded altar of an unknown god.
  1944 | D:4      | Found a staircase to the Ecumenical Temple.
  1952 | Temple   | Entered the Ecumenical Temple
  1966 | Temple   | Became a worshipper of Warmaster Okawaru
  2089 | D:4      | Reached skill level 3 in Maces & Flails
  2149 | D:4      | Noticed a black bear
  2156 | D:4      | Killed a black bear
  2157 | D:4      | Reached skill level 1 in Invocations
  2157 | D:4      | Reached XP level 6. HP: 45/47 MP: 6/6
  2191 | D:4      | Noticed a black bear
  2214 | D:4      | Killed a black bear
  2214 | D:4      | Reached * piety under Okawaru
  2215 | D:4      | Reached skill level 1 in Dodging
  2217 | D:4      | Found a hazy altar of Hepliaklqana.
  2220 | D:4      | Found a shadowy altar of Dithmenos.
  2220 | D:4      | Noticed a shadow
  2258 | D:4      | Noticed Sigmund
  2266 | D:4      | Killed Sigmund
  2267 | D:4      | Reached skill level 4 in Maces & Flails
  2267 | D:4      | Reached XP level 7. HP: 37/53 MP: 8/8
  2520 | D:4      | Reached skill level 1 in Evocations
  2713 | D:5      | Entered Level 5 of the Dungeon
  2819 | D:5      | Reached ** piety under Okawaru
  2820 | D:5      | Reached XP level 8. HP: 59/60 MP: 9/9
  3234 | D:6      | Noticed Dowan
  3236 | D:6      | Noticed Duvessa
  3251 | D:6      | Killed Duvessa
  3252 | D:6      | Reached skill level 5 in Maces & Flails
  3259 | D:6      | Killed Dowan
  3259 | D:6      | Reached *** piety under Okawaru
  3391 | D:6      | Reached XP level 9. HP: 13/66 MP: 3/11
  3403 | D:6      | Found a shimmering altar of Xom.
  3444 | D:6      | Killed from afar by an orc priest

Illustrated notes

Levels and vault maps discovered:
D:1:      ebering_trefoil_3fold, layout_basic, st_stairs_14, serial_bayou_ford_a
D:2:      layout_basic, hangedman_decor_growths, minmay_close_crescents
D:3:      layout_rooms, mainiacjoe_overflow_concentric_impassable,
          mainiacjoe_overflow_paths, shapermc_ecumenical_altar_acropolis,
          chequers_serial_rivers_micro_b
D:4:      layout_basic, riverfiend_overflow_shadow_ancestor,
          minmay_temple_entry_glass, uniq_sigmund
D:5:      layout_gridville
D:6:      layout_basic, xom_teletrap_fun, uniq_duvessa
Temple:   nicolae_temple_elliptical

Skill      XL: |  1  2  3  4  5  6  7  8 |
---------------+-------------------------+-----
Throwing       | 1 2 3 |  3.3
Stealth        | 1 2 3 |  3.3
Maces & Flails | 3 4 5 |  5.9
Invocations    | 1 2 3 |  3.6
Dodging        | 1 |  1.9
Evocations     | 1 2 |  2.6
Armour         | 4 |  4.3
Fighting       | 4 |  4.3
Shields        | 4 |  4.4

Action                     |  1- 3 |  4- 6 |  7- 9 || total
---------------------------+-------+-------+-------++-------
  Melee: Flail             |    26 |       |       ||    26
         Eveningstar       |    74 |   118 |   156 ||   348
         Hand axe          |       |       |    10 ||    10
  Throw: Stone             |       |     7 |    17 ||    24
         Dart              |       |     2 |     8 ||    10
 Invoke: Heroism           |       |       |     1 ||     1
    Use: Scroll            |     2 |       |       ||     2
         Potion            |     1 |       |     1 ||     2
   Stab: Invisible         |       |       |     1 ||     1
         Sleeping          |       |       |     1 ||     1
 Armour: Scale mail        |    56 |    89 |    86 ||   231
  Dodge: Dodged            |    42 |    39 |    48 ||   129
  Block: Buckler           |    11 |       |       ||    11
         Tower shield      |    29 |    82 |   152 ||   263
